 Dungeon Crawl Stone Soup version 0.23.2-33-g5129a83184 (webtiles) character file.

Game seed: 16115726938490384093

99 t4s4d4r the Ogre Mage (level 4, 0/42 HPs)
             Began as an Ogre Ice Elementalist on July 9, 2019.
             Killed from afar by an orc wizard (6 damage)
             ... with a magic dart
             ... on level 3 of the Dungeon.
             The game lasted 00:06:12 (2624 turns).

t4s4d4r the Ogre Mage (Ogre Ice Elementalist)       Turns: 2624, Time: 00:06:14

Health: 0/42       AC:  3    Str: 12    XL:     4   Next: 72%
Magic:  10/10      EV: 10    Int: 17    God:
Gold:   99         SH:  0    Dex:  9    Spells: 3/11 levels left

rFire    . . .     SeeInvis .   t - +0 quarterstaff
rCold    . . .     Gourm    .   (shield currently unavailable)
rNeg     . . .     Faith    .   a - +0 robe
rPois    .         Spirit   .   (helmet restricted)
rElec    .         Reflect  .   (no cloak)
rCorr    .         Harm     .   (gloves unavailable)
MR       .....                  (boots unavailable)
Stlth    +.........             (no amulet)
HPRegen  0.14/turn              (no ring)
MPRegen  0.12/turn              (no ring)

@: confused
A: large, unfitting armour, tough skin 1
a: no special abilities


You were on level 3 of the Dungeon.
You were not hungry.

You visited 1 branch of the dungeon, and saw 3 of its levels.

You collected 99 gold pieces.

Inventory:

Hand Weapons
 t - a +0 quarterstaff (weapon)
Missiles
 n - 36 stones (quivered)
Armour
 a - a +0 robe (worn)
Wands
 q - a wand of acid (9)
Scrolls
 b - 2 scrolls of identify {unknown}
 e - a scroll of enchant weapon {unknown}
 h - a scroll of noise {unknown}
 i - 2 scrolls of teleportation {unknown}
 j - a scroll of fear {unknown}
 p - a scroll of remove curse {unknown}
 r - a scroll of amnesia {unknown}
 s - a scroll of magic mapping {unknown}
Potions
 d - 2 potions of flight {unknown}
 g - a potion of degeneration {unknown}
 k - a potion of agility {unknown}
 l - a potion of curing {unknown}
 m - 2 potions of haste {unknown}
 o - 2 potions of lignification {unknown}
Comestibles
 c - a ration
 f - a chunk of flesh


   Skills:
 + Level 1.7 Fighting
 - Level 1.7 Dodging
 - Level 1.4 Stealth
 + Level 4.4 Spellcasting
 - Level 0.8 Conjurations
 * Level 3.4 Ice Magic


You had 3 spell levels left.
You knew the following spells:

 Your Spells              Type           Power        Failure   Level  Hunger
a - Freeze                Ice            ###.         3%          1    None
b - Ozocubu's Armour      Chrm/Ice       #.......     22%         3    ###....
c - Throw Icicle          Conj/Ice       ##......     54%         4    ####...

Your spell library contained the following spells:

 Spells                   Type           Power        Failure   Level  Hunger
 Throw Frost              Conj/Ice       ##....       10%         2    ##.....
 Animate Skeleton         Necr           N/A          16%         1    None
 Apportation              Tloc           #.....       16%         1    None
 Confusing Touch          Hex            #.....       16%         1    None
 Summon Small Mammal      Summ           #...         16%         1    None
 Summon Ice Beast         Ice/Summ       #.......     58%         4    ####...


Dungeon Overview and Level Annotations

Branches:
Dungeon (3/15)

Altars:


Innate Abilities, Weirdness & Mutations

You are too large for most types of armour.
You have tough skin. (AC +1)


Message History

The magic dart hits you.
You bump into the rock wall.
The orc wizard hits you with a +0 dagger.
Some of the chunks of flesh in your inventory have rotted away.
You bump into the rock wall.
The orc wizard hits you but does no damage.
The orc wizard barely misses you. The orc wizard casts a spell at you.
The magic dart hits you!
* * * LOW HITPOINT WARNING * * *
Items here: % ) ÷÷ a +0 club; a chunk of flesh; a goblin skeleton; a rat skeleton Unknown command.
You bump into the rock wall.
The orc wizard casts a spell at you. The magic dart hits you.
* * * LOW HITPOINT WARNING * * *
The orc wizard points at you and mumbles some strange words.
The magic dart hits you.
You die...

##.#..... .......#.###
...........#### .
.............. # ...
..........>. . . ..
.##.#...# ... .# ..
...........# #.# .# .#
...##.#...###.###.#.#
........o.@.>.#.......#
.....##..o#<[..÷.....###.
.... #..#####...........
.........# ##(...#..##.
######....##...#
#........# .......# ......
.......##..#
.......##(............####
...
.....<.(#.#...........# ..
.o..........#####.....# #


You could see 2 orc wizards.

Vanquished Creatures
  3 adders
  A leopard gecko (D:1)
  6 orcs
  A ball python (D:2)
  5 bats
  7 giant cockroaches
  9 goblins
  3 hobgoblins
  11 kobolds
  A quokka (D:2)
  5 frilled lizards
  12 rats
64 creatures vanquished.

Notes
Turn   | Place    | Note
-------+----------+-------------------------------------------
     0 | D:1      | t4s4d4r the Ogre Ice Elementalist began the quest for the
                  | Orb.
     0 | D:1      | Reached XP level 1. HP: 16/16 MP: 3/3
    79 | D:1      | Reached skill level 3 in Spellcasting
   170 | D:1      | Reached XP level 2. HP: 21/24 MP: 3/6
   781 | D:1      | Reached XP level 3. HP: 30/31 MP: 8/8
   984 | D:2      | Reached skill level 4 in Spellcasting
  1856 | D:2      | Reached skill level 1 in Fighting
  2064 | D:2      | Reached XP level 4. HP: 41/41 MP: 7/10
  2069 | D:2      | Learned a level 3 spell: Ozocubu's Armour
  2074 | D:2      | Learned a level 4 spell: Throw Icicle
  2624 | D:3      | Killed from afar by an orc wizard

Skill      XL: |  1  2  3 |
---------------+----------+-----
Spellcasting   | 3 4 |  4.4
Ice Magic      | 3 |  3.4
Fighting       | 1 |  1.7
Dodging        | |  1.7
Stealth        | |  1.4
Conjurations   | |  0.8

Action                   |  1- 3 |  4- 6 || total
-------------------------+-------+-------++-------
Melee: Dagger            |    18 |       ||    18
       Unarmed           |     3 |       ||     3
       Short sword       |    52 |       ||    52
       Quarterstaff      |    12 |     6 ||    18
 Cast: Freeze            |    48 |    25 ||    73
 Stab: Sleeping          |     3 |       ||     3
       Distracted        |     1 |       ||     1
  Eat: Chunk             |     4 |     1 ||     5
Armor: Robe              |    51 |    10 ||    61
Dodge: Dodged            |    90 |    27 ||   117
